 Dungeon Crawl Stone Soup version 0.28-a0-32-g8dfe7f97f6 (webtiles) character file.

Game seed: 14827901364141258911

4322 sanka the Nimble (level 10, -1/77 HPs)
             Began as a Djinni Summoner on July 27, 2021.
             Slain by a cyclops (31 damage)
             ... on level 9 of the Dungeon.
             The game lasted 00:20:18 (12714 turns).

sanka the Nimble (Djinni Summoner)                 Turns: 12714, Time: 00:20:19

Health: -1/77      AC:  8    Str:  7    XL:     10   Next: 58%
Gold:   474        EV: 20    Int: 18    God:
                   SH:  0    Dex: 16

rFire   + + .      SeeInvis .   B - +4 great sword
rCold   x . .      Faith    .   (shield currently unavailable)
rNeg    . . .      Spirit   .   a - +0 robe
rPois   ∞          Reflect  .   x - +0 helmet
rElec   .          Harm     .   (no cloak)
rCorr   .          Rampage  .   j - +0 pair of gloves
Will    +....                   (boots unavailable)
Stlth   ++........              (no amulet)
HPRegen 0.22/turn               w - +4 ring of protection
MPRegen 0.00/turn               v - +4 ring of evasion

@: flying
A: sickness immunity, fire resistance 2, cold vulnerability 1, float, innate
caster, hp casting, extra vitality 1
a: no special abilities


You were on level 9 of the Dungeon.
You visited 2 branches of the dungeon, and saw 10 of its levels.

You collected 474 gold pieces.


Innate Abilities, Weirdness & Mutations

You are immune to sickness and miasma.
You are immune to poison.
Your flesh is very heat resistant. (rF++)
You are vulnerable to cold. (rC-)
You float through the air rather than walking.
You learn spells naturally, not from books.
Your magical power is your life essence.
You have superior vitality. (+4 HP)


   Skills:
 + Level 8.5 Fighting
 + Level 8.6 Dodging
 - Level 1.5 Stealth
 - Level 8.0 Spellcasting


You had 2 spell levels left.
You knew the following spells:

 Your Spells              Type           Power      Damage    Failure   Level
b - Blink                 Tloc           N/A        N/A       1%          2
c - Call Canine Familiar  Summ           36%        N/A       1%          3
u - Teleport Other        Tloc           36%        N/A       1%          3
w - Passage of Golubria   Tloc           N/A        N/A       3%          4
x - Call Imp              Summ           36%        N/A       1%          2
y - Summon Small Mammal   Summ           100%       N/A       1%          1
z - Sting                 Tmut/Pois      100%       1d8       1%          1
X - Summon Lightning Spi  Summ/Air       36%        N/A       3%          4
Z - Summon Guardian Gole  Hex/Summ       36%        N/A       1%          3
Your spell library was empty.

Inventory:

Hand Weapons
 d - a +0 dagger
 t - a +2 antimagic war axe
 y - a +1 short sword of draining
 B - a +4 great sword (weapon)
 F - a +4 halberd of freezing
Missiles
 l - 69 sling bullets
Armour
 a - a +0 robe (worn)
 j - a +0 pair of gloves (worn)
 x - a +0 helmet (worn)
 I - +0 acid dragon scales
Jewellery
 p - a ring of fire
 v - a +4 ring of evasion (right hand)
 w - a +4 ring of protection (left hand)
Wands
 C - a wand of mindburst (10)
 E - a wand of charming (8)
 K - a wand of digging (5)
Scrolls
 b - 15 scrolls of identify {unknown}
 e - 4 scrolls of teleportation {unknown}
 h - 2 scrolls of noise {unknown}
 n - a scroll of blinking {unknown}
 o - 2 scrolls of brand weapon {unknown}
 q - 3 scrolls of enchant armour {unknown}
 D - a scroll of immolation {unknown}
 G - a scroll of fear {unknown}
 H - a scroll of amnesia {unknown}
 J - a scroll of vulnerability {unknown}
Potions
 c - a potion of cancellation {unknown}
 f - 5 potions of curing {@q1}
 g - a potion of resistance {unknown}
 i - 2 potions of haste {unknown}
 k - 2 potions of might {unknown}
 m - 3 potions of heal wounds {unknown}
 r - 4 potions of brilliance {unknown}
 s - 2 potions of degeneration {unknown}
 u - a potion of attraction {unknown}
 z - a potion of lignification {unknown}
 A - a potion of mutation {unknown}

Dungeon Overview and Level Annotations

Branches:
Dungeon (9/15)             Temple (1/1) D:5
   Lair: D:8-11         Orc: D:9-12

Altars:
Ashenzari
Cheibriados
Dithmenos
Elyvilon
Fedhas
Gozag
Hepliaklqana
Nemelex Xobeh
Okawaru
Qazlal
Ru
Sif Muna
Uskayaw
Vehumet
Wu Jian
Xom
Yredelemnul
The Shining One

▒▒▒.. ▒▒▒..▒ ▒.. ▒..
▒.........>▒..▒ ▒.. ▒..
▒..........▒..▒ ▒..
▒..........▒..▒ ▒.. .
..........▒..▒ ▒..
..▒▒▒'▒▒'▒'▒▒▒..▒ ▒..
................▒ ▒..
........C.......▒ ▒..
......)R........▒ ▒..
................▒▒▒▒▒▒..
.......£..........).....
..................).....
..▒▒'▒▒▒▒▒▒▒▒▒▒▒▒▒......
. ▒.. ▒...... ▒. ▒......
▒. ▒...... ▒.....▒


You could see a cyclops.


Message History

You hit the centaur but do no damage.
The centaur is severely wounded.
The centaur misses you. The centaur closely misses you.
You riposte.
You hit the centaur but do no damage.
The centaur is severely wounded.
The centaur completely misses you.
You slash the centaur!
The centaur is almost dead.
The centaur hits you but does no damage.
The centaur misses you. The centaur misses you.
You riposte.
You barely miss the centaur.
The centaur is almost dead.
The centaur kicks you but does no damage.
The cyclops hits you!!
* * * LOW HITPOINT WARNING * * *
The centaur hits you but does no damage.
The centaur misses you.
Unknown command.
You hit the centaur.
The centaur is almost dead.
The centaur barely misses you.
You riposte.
You slash the centaur!
You kill the centaur!
The cyclops hits you!!
You die...

Action                   |  1- 3 |  4- 6 |  7- 9 | 10-12 || total
-------------------------+-------+-------+-------+-------++-------
Melee: Dagger            |    46 |       |       |       ||    46
       Unarmed           |     4 |       |       |       ||     4
       Short sword       |    15 |       |       |       ||    15
       Mace              |    13 |    12 |       |       ||    25
       War axe           |       |    25 |   130 |       ||   155
       Halberd           |       |       |    44 |       ||    44
       Great sword       |       |       |    20 |    60 ||    80
 Cast: Summon Small Mamm |    31 |       |       |       ||    31
       Sting             |    18 |    71 |    90 |    49 ||   228
       Call Imp          |     2 |     8 |    34 |     4 ||    48
       Summon Lightning  |       |       |       |     1 ||     1
 Stab: Distracted        |     1 |       |       |       ||     1
       Sleeping          |     2 |       |     1 |       ||     3
Armor: Robe              |    12 |    19 |    41 |    29 ||   101
Dodge: Dodged            |    62 |    57 |   260 |   134 ||   513
       Rpst.: Great sword |       |       |    10 |    39 ||    49

Levels and vault maps discovered:
D:1:      dpeg_arrival_ternary, layout_basic, basic_ecumenical_altar
D:2:      layout_rooms
D:3:      layout_basic, minivault_5
D:4:      kennysheep_kobold_camp, layout_basic, vehumet_statue, serial_aquarium,
          aquarium_bridge_square [aquarium_subvault_bridge,
          aquarium_subvault_wall, aquarium_subvault_bridge,
          aquarium_subvault_bridge], aquarium_window_2, aquarium_window_corner,
          aquarium_view_2d, aquarium_view_2g, aquarium_pool_four, uniq_eustachio
D:5:      layout_basic, nicolae_tso_besieged_by_evil,
          mainiacjoe_overflow_catwalk, temple_pool_b
D:6:      layout_rooms
D:7:      layout_basic, mainiacjoe_overflow_large_starburst
D:8:      layout_loops_ring
D:9:      layout_irregular_city, mainiacjoe_overflow_six_doors_small,
          nicolae_overflow_hidden_temple, minmay_checkerbox, uniq_maggie
Temple:   zaba_magenta_temple

Notes
Turn   | Place    | Note
-------+----------+-------------------------------------------
     0 | D:1      | sanka the Djinni Summoner began the quest for the Orb.
     0 | D:1      | Reached XP level 1. HP: 15/15 MP: 0/0
   445 | D:1      | HP: 1/15 [goblin (2)]
   770 | D:1      | Reached XP level 2. HP: 17/21 MP: 0/0
   874 | D:1      | Found a faded altar of an unknown god.
  1337 | D:1      | Reached XP level 3. HP: 21/25 MP: 0/0
  1337 | D:1      | Learned a level 1 spell: Sting
  2080 | D:2      | Reached skill level 4 in Spellcasting
  2167 | D:2      | HP: 2/25 [endoplasm (1)]
  2663 | D:2      | Reached skill level 1 in Fighting
  2663 | D:2      | Reached XP level 4. HP: 11/32 MP: 0/0
  3510 | D:3      | Reached skill level 3 in Dodging
  3601 | D:3      | Noticed an ogre
  3612 | D:3      | Killed an ogre
  3613 | D:3      | Reached skill level 2 in Fighting
  3613 | D:3      | Reached XP level 5. HP: 9/38 MP: 0/0
  3613 | D:3      | Learned a level 2 spell: Blink
  5056 | D:4      | Noticed Eustachio
  5093 | D:4      | Killed Eustachio
  5094 | D:4      | Reached skill level 3 in Fighting
  5094 | D:4      | Reached skill level 4 in Dodging
  5094 | D:4      | Reached XP level 6. HP: 37/46 MP: 0/0
  5482 | D:4      | Reached skill level 5 in Dodging
  5482 | D:4      | Reached XP level 7. HP: 40/51 MP: 0/0
  5482 | D:4      | Learned a level 3 spell: Teleport Other
  5488 | D:4      | Reached skill level 4 in Fighting
  6461 | D:5      | Entered Level 5 of the Dungeon
  6680 | D:5      | Found a glowing golden altar of the Shining One.
  6781 | D:5      | Found a staircase to the Ecumenical Temple.
  6798 | Temple   | Entered the Ecumenical Temple
  6992 | D:5      | Found a shadowy altar of Dithmenos.
  7114 | D:5      | Reached skill level 6 in Dodging
  7464 | D:6      | Reached skill level 5 in Fighting
  7472 | D:6      | Reached XP level 8. HP: 40/59 MP: 0/0
  7617 | D:6      | Noticed a cyclops
  7650 | D:6      | Killed a cyclops
  7651 | D:6      | Reached skill level 7 in Dodging
  7689 | D:6      | Reached skill level 6 in Fighting
  8512 | D:7      | Noticed a two-headed ogre
  8528 | D:7      | Killed a two-headed ogre
  8529 | D:7      | Reached skill level 7 in Fighting
  8529 | D:7      | Reached skill level 8 in Dodging
  8529 | D:7      | Reached XP level 9. HP: 55/68 MP: 0/0
  8529 | D:7      | Learned a level 4 spell: Passage of Golubria
  8642 | D:7      | Found an ornate altar of the Wu Jian Council.
  8720 | D:7      | Found an iron altar of Okawaru.
  8823 | D:7      | HP: 5/70 [wight (7)]
  8838 | D:7      | Reached skill level 8 in Fighting
 10021 | D:7      | Reached skill level 5 in Spellcasting
 11187 | D:9      | Noticed a cyclops
 11197 | D:9      | Killed a cyclops
 11198 | D:9      | Reached skill level 6 in Spellcasting
 11262 | D:9      | Reached XP level 10. HP: 66/76 MP: 0/0
 11508 | D:9      | Reached skill level 7 in Spellcasting
 11877 | D:9      | Reached skill level 8 in Spellcasting
 12093 | D:9      | Found a broken altar of Ashenzari.
 12095 | D:9      | Found a sparkling altar of Nemelex Xobeh.
 12367 | D:9      | Identified +0 acid dragon scales
 12367 | D:9      | Noticed Maggie
 12389 | D:9      | Killed Maggie
 12706 | D:9      | Noticed a cyclops
 12714 | D:9      | Slain by a cyclops

Vanquished Creatures
  A cyclops (D:9)
  Maggie (D:9)
  5 yaks
  Eustachio (D:4)
  A steam dragon (D:9)
  3 centaurs
  A kobold brigand (D:4)
  6 bullfrogs
  A scorpion (D:6)
  8 wights
  8 killer bees
  2 howler monkeys (D:9)
  4 hounds
  A centaur zombie (D:8)
  An orc priest (D:9)
  A bullfrog skeleton (D:4)
  A jelly (D:6)
  An iron imp (D:5)
  3 orc wizards
  A statue (D:4)
  A hound skeleton (D:4)
  7 gnolls
  5 adders
  2 white imps
  3 dart slugs
  16 orcs
  6 ball pythons
  4 bats
  6 endoplasms
  A giant cockroach (D:4)
  4 goblins
  3 hobgoblins (D:1)
  4 jackals
  3 quokkas
  A frilled lizard (D:3)
  3 goblin skeletons (D:5)
  A goblin zombie (D:5)
  2 hobgoblin zombies (D:5)
  28 kobolds
  A kobold skeleton (D:5)
  2 orc zombies (D:5)
  3 rats
157 creatures vanquished.

Vanquished Creatures (collateral kills)
  A two-headed ogre (D:7)
  A cyclops (D:6)
  A water moccasin (D:9)
  An ice beast (D:4)
  An ogre (D:3)
  A wight (D:7)
  An orc wizard (D:9)
  A howler monkey zombie (D:6)
  An adder skeleton (D:3)
  3 bats (D:1)
  2 endoplasms
  2 goblins (D:1)
  3 hobgoblins
  3 jackals (D:1)
  A quokka (D:1)
  2 ball pythons
  A frilled lizard (D:1)
  2 kobolds (D:1)
28 creatures vanquished.

Vanquished Creatures (others)
  13 fungi (D:4)
  35 plants (D:4)
48 creatures vanquished.

Grand Total: 233 creatures vanquished
